Map: [ESL] Alcyone

Players

Harstem

  • Race: Protoss Protoss
  • Spawn Location: 1:00

Reynor - Winner!

  • Race: Zerg Zerg
  • Spawn Location: 7:00

Event: ESL SC2 Masters 2024 Spring (Regional)

VOD

Have the link to the VOD?

Description

Time

  • Played on: April 17, 2024, 11:24 a.m.
  • Length: 8:26

All games in this series

Show
View Real Time Build Order
Export as new Build Order

Harstem Protoss 

Build Orders: 1 Gate Expand, Mass Adepts 

Get SALT Encoding   

  12  0:00  Probe  
  13  0:12  Probe  
  14  0:18  Pylon  
  14  0:24  Probe  
  15  0:36  Probe (Chrono Boost)  
  15  0:38  Gateway  
  16  0:46  Probe (Chrono Boost)  
  16  0:48  Assimilator  
  17  0:51  Probe (Chrono Boost)  
  18  1:03  Probe  
  19  1:19  Nexus  
  19  1:28  Cybernetics Core  
  19  1:30  Probe  
  20  1:36  Assimilator  
  20  1:42  Probe  
  20  1:46  Pylon  
  21  1:54  Probe  
  22  2:01  Adept (Chrono Boost)  
  22  2:06  Warp Gate  
  22  2:08  Probe (Chrono Boost)  
  25  2:19  Probe (Chrono Boost)  
  25  2:20  Twilight Council  
  26  2:25  Probe (Chrono Boost), Adept  
  29  2:31  Probe (Chrono Boost)  
  31  2:40  Probe x2 (Chrono Boost)  
  32  2:45  Probe (Chrono Boost)  
  32  2:48  Gateway  
  34  2:57  Probe, Gateway  
  34  2:59  Gateway  
  34  3:00  Probe  
  35  3:08  Adept  
  35  3:10  Probe  
  38  3:13  Resonating Glaives (Chrono Boost), Probe  
  38  3:16  Pylon  
  39  3:22  Probe  
  41  3:33  Nexus  
  40  3:37  Pylon  
  40  3:49  Probe  
  40  3:54  Adept x4  
  49  3:56  Probe  
  49  3:58  Pylon  
  49  4:01  Probe  
  51  4:08  Probe  
  52  4:14  Adept x3  
  52  4:15  Adept  
  60  4:17  Probe  
  60  4:20  Probe  
  60  4:24  Pylon, Assimilator  
  63  4:34  Probe  
  63  4:35  Adept x2  
  63  4:36  Adept  
  67  4:42  Probe, Adept  
  70  4:49  Probe  
  70  4:52  Probe  
  64  4:55  Probe, Adept x2  
  69  5:01  Robotics Facility, Probe  
  65  5:07  Adept  
  65  5:09  Adept  
  65  5:13  Probe  
  63  5:16  Adept  
  63  5:17  Adept  
  63  5:20  Probe  
  63  5:21  Probe, Shield Battery  
  65  5:25  Probe  
  66  5:28  Adept  
  66  5:34  Shield Battery  
  68  5:37  Stalker x2  
  68  5:38  Sentry  
  68  5:40  Probe  
  75  5:47  Probe  
  75  5:49  Adept  
  75  5:51  Immortal (Chrono Boost)  
  79  6:00  Probe (Chrono Boost)  
  79  6:01  Probe (Chrono Boost)  
  79  6:02  Adept  
  82  6:04  Probe (Chrono Boost)  
  85  6:12  Assimilator  
  85  6:13  Probe (Chrono Boost)  
  85  6:15  Probe (Chrono Boost)  
  85  6:16  Probe (Chrono Boost)  
  86  6:20  Immortal (Chrono Boost)  
  86  6:21  Pylon  
  86  6:25  Adept  
  92  6:31  Adept x3  
  63  6:47  Adept  
  63  6:50  Immortal (Chrono Boost)  
  63  6:52  Adept x3  
  74  6:55  Probe  
  74  6:58  Probe  
  74  7:00  Probe  
  72  7:04  Pylon  
  70  7:11  Adept  
  70  7:13  Adept x2  
  66  7:17  Adept  
  66  7:20  Immortal (Chrono Boost), Probe  
  65  7:24  Probe  
  65  7:27  Probe  
  66  7:31  Pylon  
  66  7:32  Probe, Adept  
  66  7:35  Adept x2  
  70  7:39  Probe  
  70  7:40  Pylon  
  71  7:45  Dark Shrine, Adept  
  71  7:48  Probe  
  75  7:51  Probe  
  75  7:59  Shield Battery, Adept x2  
  75  8:00  Sentry  
  75  8:01  Probe  
  75  8:02  Probe  
  75  8:04  Probe  
  84  8:10  Adept  
  82  8:13  Probe  
  74  8:22  Adept x2  
Show
View Real Time Build Order
Export as new Build Order

Reynor Zerg - Winner!

Build Orders: Hatch First 

Get SALT Encoding   

  12  0:02  Drone  
  13  0:09  Drone  
  14  0:14  Extractor  
  14  0:16  Drone  
  15  0:39  Hatchery  
  14  0:44  Drone, Extractor  
  15  0:50  Overlord  
  15  1:05  Spawning Pool  
  15  1:09  Drone  
  15  1:12  Drone  
  15  1:15  Drone  
  17  1:21  Drone  
  18  1:28  Extractor  
  18  1:31  Drone  
  18  1:42  Drone  
  19  1:52  Queen  
  19  1:53  Queen  
  23  1:58  Zergling x2  
  24  2:04  Drone  
  24  2:05  Zergling x2  
  26  2:09  Zergling x2  
  26  2:14  Overlord  
  27  2:17  Drone  
  28  2:32  Queen  
  28  2:35  Drone x2  
  32  2:37  Metabolic Boost  
  32  2:42  Overlord  
  31  2:45  Drone x2  
  31  2:47  Drone  
  34  3:00  Hatchery  
  34  3:03  Zergling x2  
  34  3:07  Drone  
  34  3:10  Queen  
  37  3:14  Drone x2  
  37  3:15  Drone  
  37  3:18  Evolution Chamber  
  39  3:22  Overlord  
  39  3:25  Drone  
  39  3:30  Queen  
  41  3:35  Zergling x2  
  41  3:38  Drone  
  43  3:41  Drone  
  43  3:42  Zergling x6  
  43  3:45  Zerg Melee Weapons Level 1  
  47  3:48  Drone x2  
  47  3:53  Overlord  
  49  4:01  Drone  
  49  4:02  Drone  
  51  4:03  Zergling x2, Roach Warren  
  51  4:06  Overlord  
  51  4:13  Zergling x2  
  51  4:14  Zergling x6  
  55  4:18  Zergling x8  
  55  4:21  Zergling x2  
  55  4:23  Overlord  
  56  4:43  Roach x5  
  66  4:46  Zergling x8  
  66  4:48  Roach x2, Zergling x2  
  66  4:50  Roach  
  70  4:55  Zergling x2  
  70  4:57  Zergling x2  
  72  5:00  Overlord  
  67  5:08  Zergling x4  
  67  5:11  Drone  
  67  5:14  Extractor  
  67  5:15  Drone x2  
  67  5:16  Drone  
  67  5:19  Extractor  
  67  5:20  Zergling x4  
  71  5:25  Zergling x4  
  71  5:28  Zergling x2  
  73  5:35  Overlord  
  73  5:36  Zergling x2  
  73  5:39  Zergling x6  
  76  5:45  Zergling x6  
  76  5:47  Overlord  
  76  5:48  Zergling x2  
  76  5:49  Zergling x2  
  81  5:51  Ravager x2  
  81  5:59  Zergling x4  
  81  6:01  Zergling x2  
  81  6:02  Zergling x4  
  86  6:07  Zergling x6, Ravager  
  86  6:09  Zergling x2  
  90  6:12  Ravager  
  90  6:13  Overlord  
  90  6:14  Zergling x8  
  95  6:19  Ravager  
  95  6:21  Zergling x2  
  95  6:24  Zergling x4  
  95  6:32  Zergling x8  
  92  6:34  Zergling x4  
  92  6:36  Zergling x4  
  86  6:40  Zergling x2  
  86  6:42  Zergling x2  
  86  6:43  Zergling x4  
  86  6:45  Ravager x2  
  85  6:47  Zergling x4  
  85  6:52  Zergling x2  
  84  7:00  Roach x2, Zergling x6  
  81  7:03  Roach x3  
  81  7:05  Zergling x2  
  81  7:07  Zergling x2  
  85  7:10  Roach  
  85  7:14  Roach x3  
  87  7:19  Roach  
  88  7:23  Zergling x4  
  88  7:28  Zergling x2  
  88  7:31  Zergling x2, Roach  
  88  7:32  Zergling x4  
  85  7:37  Zergling x2  
  85  7:40  Ravager x2  
  85  7:42  Zergling x6  
  85  7:43  Ravager  
  92  7:45  Zergling x4  
  92  7:48  Ravager  
  92  7:50  Zergling x2  
  96  7:55  Zergling x2  
  96  7:56  Zergling x2  
  96  7:57  Zergling x6  
  101  8:00  Overlord  
  101  8:01  Zergling x6  
  104  8:06  Roach  
Tags
 
Add a new tag
Caveats
  • Supply blocks, unpowered buildings, or Contaminate may cause inaccurate times.
  • Supply counts are checked every 10 seconds.